 Dungeon Crawl Stone Soup version 0.20-a0-1006-ge6c5631 (webtiles) character file.

56194 Conn321 the Thaumaturge (level 14, -2/86 HPs)
             Began as an Octopode Fire Elementalist on Apr 13, 2017.
             Was a High Priest of Sif Muna.
             Slain by Toogi's ghost (18 damage)
             ... on level 6 of the Lair of Beasts.
             The game lasted 01:58:47 (24767 turns).

Conn321 the Thaumaturge (OpFE)                     Turns: 24767, Time: 01:58:48

Health: -2/86      AC:  6    Str: 12    XL:     14   Next: 80%
Magic:  0/54       EV: 18    Int: 18    God:    Sif Muna [*****.]
Gold:   2797       SH:  6    Dex: 16    Spells: 0/37 levels left

rFire    + . .     SeeInvis .   w - staff of power
rCold    + . .     Gourm    .   B - +1 buckler
rNeg     + + .     Faith    .   (helmet restricted)
rPois    +         Spirit   +   K - amulet of guardian spirit
rElec    .         Reflect  .   m - ring of resist corrosion
rCorr    +         Harm     .   F - +4 ring of protection
MR       ++...     Rnd*Rage +   S - ring of fire
Stlth    +++++.....             J - ring of protection from cold
Regen    0.3/turn               T - ring of the Raven {rC+ rN+ MP+9 Str+5 Int-3}
MPRegen  0.4/turn               U - ring of protection from magic
                                v - ring "Sumiloyg" {Wiz rPois}
                                X - ring of positive energy

@: no status effects
A: almost no armour, stealthy swim, amphibious, 8 rings, constrict 8, camouflage
1, agile 1, berserk 1, shaggy fur 1, gelatinous body 1
a: Divine Energy, Channel Magic, Forget Spell, Renounce Religion


You were on level 6 of the Lair of Beasts.
You worshipped Sif Muna.
Sif Muna was extremely pleased with you.
You were very hungry.

You visited 3 branches of the dungeon, and saw 19 of its levels.
You also visited: Labyrinth and Sewer.

You collected 3382 gold pieces.
You spent 585 gold pieces at shops.

Inventory:

Hand Weapons
 e - the +1 short sword "Nitises" {freeze, rC- Str+4 Int+3 Dex+4}
   (You found it in a sewer)

   It has been specially enchanted to freeze those struck by it, causing extra
   injury to most foes and up to half again as much damage against particularly
   susceptible opponents.
   It can also slow down cold-blooded creatures.
   It affects your strength (+4).
   It affects your intelligence (+3).
   It affects your dexterity (+4).
   It makes you vulnerable to cold.
 l - a +4 mace of venom
Missiles
 f - 6 steel tomahawks
 D - 7 javelins (quivered)
Armour
 B - a +1 buckler (worn)
Magical Staves
 w - an uncursed staff of power (weapon)
Jewellery
 m - a ring of resist corrosion (left tentacle)
 p - an uncursed amulet of regeneration
 v - the ring "Sumiloyg" (on tentacle) {Wiz rPois}
   (You took it off a minotaur in a labyrinth)

   [ring of wizardry]

   It improves your spell success rate.
   It protects you from poison.
 F - a +4 ring of protection (right tentacle)
 J - a ring of protection from cold (on tentacle)
 K - an amulet of guardian spirit (around mantle)
 S - a ring of fire (on tentacle)
 T - the ring of the Raven (on tentacle) {rC+ rN+ MP+9 Str+5 Int-3}
   (You bought it in a shop on level 12 of the Dungeon)

   [ring of magical power]

   It affects your strength (+5).
   It affects your intelligence (-3).
   It protects you from cold.
   It protects you from negative energy.
   It affects your magic capacity (+9).
 U - a ring of protection from magic (on tentacle)
 X - a ring of positive energy (on tentacle)
 Y - an uncursed ring of ice
Wands
 L - a wand of iceblast (8/15)
 V - a wand of acid (9/15)
Scrolls
 i - 4 scrolls of fog
 j - 8 scrolls of teleportation
 k - 4 scrolls of fear
 r - 6 scrolls of enchant weapon
 u - 6 scrolls of recharging
 y - 3 scrolls of amnesia
 A - 19 scrolls of identify
 C - a scroll of magic mapping
 H - 4 scrolls of immolation
 M - 2 scrolls of enchant armour
 Q - 2 scrolls of blinking
 R - 2 scrolls of remove curse
Potions
 d - 5 potions of might
 g - 4 potions of curing
 q - 3 potions of magic
 s - a potion of heal wounds
 t - 5 potions of flight
 z - 2 potions of cancellation
 E - 3 potions of lignification
 W - a potion of haste
Books
 a - a book of Flames

   Spells                             Type                      Level
   a - Flame Tongue                   Conjuration/Fire             1
   b - Throw Flame                    Conjuration/Fire             2
   c - Conjure Flame                  Conjuration/Fire             3
   d - Inner Flame                    Hexes/Fire                   3
   e - Sticky Flame                   Conjuration/Fire             4
   f - Fireball                       Conjuration/Fire             5
 o - Sif Muna's Sophisticated Magic
   (Sif Muna gifted it to you on level 5 of the Lair of Beasts)

   Spells                             Type                      Level
   a - Throw Icicle                   Conjuration/Ice              4
   b - Fulminant Prism                Conjuration/Hexes            4
   c - Cause Fear                     Hexes                        4
   d - Ice Form                       Ice/Transmutation            4
   e - Animate Dead                   Necromancy                   4
   f - Olgreb's Toxic Radiance        Poison                       4
 x - a book of Geomancy

   Spells                             Type                      Level
   a - Sandblast                      Earth                        1
   b - Passwall                       Transmutation/Earth          2
   c - Stone Arrow                    Conjuration/Earth            3
   d - Petrify                        Transmutation/Earth          4
   e - Lee's Rapid Deconstruction     Earth                        5
 I - a book of Misfortune

   Spells                             Type                      Level
   a - Confusing Touch                Hexes                        1
   b - Confuse                        Hexes                        3
   c - Gell's Gravitas                Translocation                3
   d - Petrify                        Transmutation/Earth          4
   e - Metabolic Englaciation         Hexes/Ice                    5
   f - Yara's Violent Unravelling     Hexes/Transmutation          5
 N - a book of Maledictions

   Spells                             Type                      Level
   a - Corona                         Hexes                        1
   b - Ensorcelled Hibernation        Hexes/Ice                    2
   c - Confuse                        Hexes                        3
   d - Tukima's Dance                 Hexes                        3
   e - Dazzling Spray                 Conjuration/Hexes            3
 O - Sif Muna's Almanac of Arcane Weapons
   (Sif Muna gifted it to you on level 2 of the Lair of Beasts)

   Spells                             Type                      Level
   a - Sting                          Conjuration/Poison           1
   b - Magic Dart                     Conjuration                  1
   c - Searing Ray                    Conjuration                  2
   d - Bolt of Draining               Conjuration/Necromancy       5
   e - Bolt of Magma                  Conjuration/Fire/Earth       5
   f - Iskenderun's Battlesphere      Conjuration/Charms           5
 P - Heann's Guide on Boosting Translocation
   (Sif Muna gifted it to you on level 11 of the Dungeon)

   Spells                             Type                      Level
   a - Apportation                    Translocation                1
   b - Swiftness                      Charms/Air                   2
   c - Regeneration                   Charms/Necromancy            3
   d - Ring of Flames                 Charms/Fire                  7
   e - Malign Gateway                 Summoning/Translocation      7
 Z - a book of Battle

   Spells                             Type                      Level
   a - Infusion                       Charms                       1
   b - Shroud of Golubria             Charms/Translocation         2
   c - Song of Slaying                Charms                       2
   d - Spectral Weapon                Hexes/Charms                 3
   e - Regeneration                   Charms/Necromancy            3
Comestibles
 b - 7 bread rations
 c - 9 royal jellies
 h - 20 fruits
 n - 11 meat rations


   Skills:
 + Level 4.4 Fighting
 + Level 4.9 Short Blades
 + Level 2.4 Maces & Flails
 + Level 7.0 Dodging
 + Level 9.1 Stealth
 * Level 5.5 Shields
 + Level 12.4 Spellcasting
 + Level 11.6 Conjurations
 + Level 3.0 Hexes
 * Level 4.5 Charms
 + Level 10.6 Fire Magic
 + Level 6.7 Earth Magic
 + Level 1.0 Invocations
 + Level 0.2 Evocations


You couldn't memorise any spells.
You knew the following spells:

 Your Spells              Type           Power        Failure   Level  Hunger
a - Flame Tongue          Conj/Fire      #####        1%          1    None
b - Conjure Flame         Conj/Fire      ######..     1%          3    None
c - Stone Arrow           Conj/Erth      #####.       1%          3    None
d - Sticky Flame          Conj/Fire      ######..     1%          4    ##.....
e - Fireball              Conj/Fire      ######....   1%          5    ####...
f - Confuse               Hex            ###.....     2%          3    None
g - Dazzling Spray        Conj/Hex       #####.       1%          3    None
h - Lee's Rapid Deconstr  Erth           #####.....   6%          5    ####...
i - Iskenderun's Battles  Conj/Chrm      #####...     3%          5    ####...
j - Bolt of Magma         Conj/Fire/Erth ######....   1%          5    ####...


Dungeon Overview and Level Annotations

Branches:
Dungeon (12/15)            Temple (1/1) D:5            Lair (6/6) D:9
 Shoals (0/4) Lair:4       Spider (0/4) Lair:3        Slime (0/5) Lair:5
    Orc (0/2) D:11

Altars:
Dithmenos
Gozag
Kikubaaqudgha
Nemelex Xobeh
Qazlal
Sif Muna
Trog
Uskayaw
Vehumet
Wu Jian
Xom
Yredelemnul
The Shining One

Shops:
D:12 ***}?

Annotations:
Lair:4 MirrMurr's ghost, journeyman DsGl
Lair:6 exclusion: 2 oklob plants, Toogi's ghost, journeyman DsMo


Innate Abilities, Weirdness & Mutations

You cannot wear most types of armour.
You are very stealthy in the water. (Stealth+)
You are amphibious.
You can wear up to eight rings at the same time.
You can use your tentacles to constrict eight enemies at once.
Your skin changes colour to match your surroundings (Stealth+).
Your rubbery body absorbs attacks. (AC +1, EV +1)
You are agile. (Dex +2)
You tend to lose your temper in combat.
You are covered in fur. (AC +1)


Message History

The barrage of energy hits Toogi's ghost.
Toogi's ghost is severely damaged.
Casting: Stone Arrow
Confirm with . or Enter, or press ? or * to list all spells.
Aiming: Stone Arrow
Press: ? - help, Shift-Dir - straight line, f/p - Toogi's ghost
Aim: Toogi's ghost, wielding a weapon of electrocution (severely damaged)
The stone arrow hits Toogi's ghost.
Toogi's ghost is almost destroyed.
Your battlesphere fires!
The barrage of energy hits Toogi's ghost.
Toogi's ghost is almost destroyed.
Your battlesphere expends the last of its energy and dissipates.
You block Toogi's ghost's attack. You block Toogi's ghost's attack.
You are feeling very hungry.
Toogi's ghost hits you!!
* * * LOW HITPOINT WARNING * * *
You are electrocuted!
You die...

P.......................§≈..≈..≈.
##.......*.............≈≈...≈≈...
#...................#...≈≈≈≈≈≈≈#.
###....#..#.......P##..#≈≈≈.≈≈≈P.
#..##...######.PP####.#≈...≈...
###.#.#.#.####...## *#.........
#...........#....## #.....#...
####.......#§.#...P# #......P..
#.............##@..#####.........
##.#.......#..##W.#.#.#..........
..#..............................
##.#.......#.........<...........
#...........#....................
#..#.#.#.#.#.....................
.#............#.#..##..#P........
..............##...#.P...........
............###.#..P.............


You could see Toogi's ghost.

Vanquished Creatures
  Kirke (Lair:5)
  A minotaur (Lab)
  Erolcha (D:9)
  An ice dragon (Lair:6)
  9 hydras
  A catoblepas (Lair:6)
  Erica (Lair:1)
  The ghost of M4edhros the Martial Artist, a journeyman OpNe of Cheibriados (D:11)
  4 two-headed ogres
  A death yak (Lair:5)
  Urug (D:10)
  A lindwurm (Lair:6)
  An ugly thing (D:12)
  2 cyclopes
  Maurice (D:10)
  3 elephants (Lair:3)
  Joseph (D:7)
  The ghost of cirnu the Chopper, a novice VSFi (D:6)
  Psyche (D:9)
  12 spiny frogs
  The ghost of Zigma the Cruncher, a novice BuGl (D:5)
  5 torpor snails (Lair:6)
  2 black mambas
  2 centaur skeletons
  A rime drake (Lair:3)
  A redback zombie (D:10)
  6 komodo dragons
  A polar bear (Lair:4)
  4 trolls
  7 hornets (Lair:6)
  3 tyrant leeches (Lair:6)
  24 blink frogs
  10 hippogriffs
  2 redbacks (Lair:3)
  Eustachio (D:4)
  A hog (Lair:5)
  A wyvern (Lair:5)
  3 basilisks
  46 yaks
  2 hungry ghosts
  A steam dragon (D:10)
  Grum (D:9)
  Menkaure (D:7)
  A warg (Lair:6)
  The ghost of Conn321 the Firebug, an amateur OpFE (D:4)
  13 water moccasins
  7 orc warriors
  A hell hound (Lair:6)
  6 porcupines
  3 sky beasts
  An ogre (D:9)
  3 black bears
  3 phantoms
  4 wolves
  An eye of draining (D:7)
  12 centaurs
  2 necrophages
  12 crocodiles
  22 bullfrogs
  A big kobold (D:12)
  A wyvern zombie (D:10)
  An earth elemental (Lab)
  2 wyvern skeletons
  4 scorpions
  14 killer bees
  A wight (D:10)
  3 howler monkeys (D:8)
  3 centaur zombies
  6 crimson imps
  A quasit (D:10)
  A bullfrog zombie (D:5)
  4 hounds
  5 orc wizards
  3 orc priests
  Jessica (D:2)
  An iguana (D:7)
  10 worker ants
  7 hell rats (Lair:3)
  A hound skeleton (D:8)
  A worker ant zombie (D:8)
  5 gnolls
  23 adders
  15 river rats
  4 shadow imps
  3 oozes
  2 adder skeletons
  A worm (D:3)
  2 dart slugs
  6 leopard geckos
  47 orcs
  14 ball pythons (Sewer)
  3 giant cockroaches
  6 goblins
  5 hobgoblins
  14 jackals
  8 quokkas
  A ball python skeleton (D:4)
  9 bats
  3 frilled lizards
  10 kobolds
  2 leopard gecko zombies (D:6)
  44 rats
  2 fungi (Lair:6)
  3 plants
566 creatures vanquished.

Vanquished Creatures (others)
  5 humans (Lair:5)
  7 fungi
  30 plants
42 creatures vanquished.

Grand Total: 608 creatures vanquished

Notes
Turn   | Place    | Note
-------+----------+-------------------------------------------
     0 | D:1      | Conn321 the Octopode Fire Elementalist began the quest for the Orb.
     0 | D:1      | Reached XP level 1. HP: 11/11 MP: 3/3
   187 | D:1      | Reached XP level 2. HP: 17/17 MP: 3/5
   293 | D:1      | Reached XP level 3. HP: 20/21 MP: 3/6
   302 | D:1      | Learned a level 3 spell: Conjure Flame
   933 | D:2      | Noticed Jessica
   941 | D:2      | Killed Jessica
   941 | D:2      | Reached XP level 4. HP: 27/27 MP: 4/7
  1221 | D:2      | Found a shadowy altar of Dithmenos.
  1591 | D:3      | Found a faded altar of an unknown god.
  1593 | D:3      | Reached skill level 1 in Maces & Flails
  1970 | D:3      | Reached XP level 5. HP: 29/32 MP: 1/9
  2285 | D:4      | Found an opulent altar of Gozag.
  2398 | D:4      | Found a glowing drain.
  2411 | D:4      | Reached skill level 3 in Spellcasting
  2433 | D:4      | Gained mutation: You are agile. (Dex +2) [potion of mutation]
  2433 | D:4      | Gained mutation: You tend to lose your temper in combat. [potion of mutation]
  2433 | D:4      | Gained mutation: You are covered in fur. (AC +1) [potion of mutation]
  2439 | Sewer    | Entered a sewer
  2528 | Sewer    | Reached skill level 1 in Fighting
  2606 | Sewer    | Got a faintly glowing short sword
  2607 | Sewer    | Identified the cursed +1 short sword "Nitises" {freeze, rC- Str+4 Int+3 Dex+4} (You found it in a sewer)
  2626 | Sewer    | Reached XP level 6. HP: 26/38 MP: 3/10
  2909 | Sewer    | Learned a level 3 spell: Stone Arrow
  2914 | Sewer    | Learned a level 4 spell: Sticky Flame
  3142 | D:4      | Found a sparkling altar of Nemelex Xobeh.
  3174 | D:4      | Reached XP level 7. HP: 43/43 MP: 12/12
  3371 | D:4      | Found a shadowy altar of Dithmenos.
  3393 | D:4      | Reached skill level 4 in Spellcasting
  3393 | D:4      | Reached skill level 1 in Earth Magic
  3664 | D:4      | Noticed Conn321's ghost (amateur OpFE)
  3699 | D:4      | Killed Conn321's ghost
  3786 | D:4      | Noticed Eustachio
  3794 | D:4      | Killed Eustachio
  3794 | D:4      | Reached skill level 1 in Short Blades
  3916 | D:5      | Entered Level 5 of the Dungeon
  3967 | D:5      | Noticed Zigma's ghost (novice BuGl)
  4004 | D:5      | Reached XP level 8. HP: 46/48 MP: 7/15
  4009 | D:5      | Killed Zigma's ghost
  4009 | D:5      | Reached skill level 5 in Spellcasting
  4557 | D:5      | Found a stormy altar of Qazlal.
  4619 | D:5      | Found a staircase to the Ecumenical Temple.
  4629 | Temple   | Entered the Ecumenical Temple
  4667 | Temple   | Became a worshipper of Sif Muna the Loreminder
  4825 | D:5      | Reached skill level 5 in Fire Magic
  4912 | D:5      | Reached skill level 5 in Conjurations
  5094 | D:6      | Noticed cirnu's ghost (novice VSFi)
  5143 | D:5      | Reached XP level 9. HP: 25/54 MP: 6/17
  5576 | D:6      | Killed cirnu's ghost
  5576 | D:6      | Reached * piety under Sif Muna
  5576 | D:6      | Reached skill level 6 in Spellcasting
  5704 | D:6      | Found a basalt altar of Yredelemnul.
  6117 | D:7      | Noticed Joseph
  6253 | D:7      | Learned a level 5 spell: Fireball
  6301 | D:7      | Noticed Menkaure
  6307 | D:7      | Killed Menkaure
  6880 | D:7      | Reached skill level 5 in Stealth
  6993 | D:7      | Reached skill level 7 in Spellcasting
  7128 | D:7      | Killed Joseph
  7128 | D:7      | Reached ** piety under Sif Muna
  7128 | D:7      | Reached XP level 10. HP: 30/61 MP: 1/21
  7604 | D:8      | Noticed a two-headed ogre
  7633 | D:8      | Killed a two-headed ogre
  7703 | D:8      | Reached skill level 8 in Spellcasting
  7936 | D:8      | Found an ancient bone altar of Kikubaaqudgha.
  8061 | D:8      | Learned a level 3 spell: Confuse
  8074 | D:8      | Noticed a two-headed ogre
  8075 | D:8      | Found a flagged portal.
  8093 | D:8      | Killed a two-headed ogre
  8147 | D:8      | Reached *** piety under Sif Muna
  8698 | D:9      | Found a staircase to the Lair.
  8845 | D:9      | Reached XP level 11. HP: 48/66 MP: 19/23
  9047 | D:9      | Noticed Psyche
  9060 | D:9      | Killed Psyche
  9239 | D:9      | Reached skill level 9 in Spellcasting
  9385 | D:10     | Entered Level 10 of the Dungeon
  9385 | D:10     | Noticed Erolcha
  9387 | D:10     | Noticed Grum
  9478 | D:9      | Killed Grum
  9577 | D:9      | Killed Erolcha
  9577 | D:9      | Reached skill level 1 in Hexes
  9750 | D:10     | Noticed Urug
 10031 | D:10     | Noticed a two-headed ogre
 10035 | D:10     | Killed a two-headed ogre
 10180 | D:10     | Reached skill level 5 in Dodging
 10185 | D:10     | Reached **** piety under Sif Muna
 10617 | D:10     | Learned a level 3 spell: Dazzling Spray
 11441 | D:10     | Noticed Maurice
 11456 | D:10     | Killed Maurice
 11456 | D:10     | Reached skill level 10 in Spellcasting
 12009 | D:10     | Killed Urug
 12009 | D:10     | Reached XP level 12. HP: 49/72 MP: 12/26
 12338 | D:11     | Reached ***** piety under Sif Muna
 12363 | D:11     | Learned a level 5 spell: Lee's Rapid Deconstruction
 12372 | D:11     | Found a staircase to the Orcish Mines.
 12434 | D:11     | Noticed M4edhros's ghost (journeyman OpNe)
 12493 | D:11     | Killed M4edhros's ghost
 12619 | D:11     | Received a gift from Sif Muna
 12662 | D:11     | Identified Heann's Guide on Boosting Translocation (Sif Muna gifted it to you on level 11 of the Dungeon)
 12664 | D:11     | Identified Heann's Guide on Boosting Translocation (Sif Muna gifted it to you on level 11 of the Dungeon)
 12733 | D:11     | Noticed a two-headed ogre
 12743 | D:11     | Killed a two-headed ogre
 12911 | D:11     | Reached skill level 5 in Earth Magic
 13274 | D:12     | Found Leruj's Assorted Antiques.
 13396 | D:12     | Bought a knobbly ivory ring for 150 gold pieces
 13406 | D:12     | Found Pygegutoz's Assorted Antiques.
 13412 | D:12     | Bought a coiled iron ring for 135 gold pieces
 13412 | D:12     | Identified the ring of the Raven {rC+ rN+ MP+9 Str+5 Int-3} (You bought it in a shop on level 12 of the Dungeon)
 13461 | D:12     | Found Qiotemp's Assorted Antiques.
 13472 | D:12     | Bought a tourmaline ring for 150 gold pieces
 13472 | D:12     | Bought a dented citrine amulet for 150 gold pieces
 13571 | D:12     | Found Xewymema's Magic Scroll Boutique.
 13571 | D:12     | Found Xykatze's Gadget Emporium.
 14043 | Lair:1   | Entered Level 1 of the Lair of Beasts
 14390 | Lair:1   | Noticed Erica
 14405 | Lair:1   | Killed Erica
 15505 | Lair:2   | Reached skill level 11 in Spellcasting
 15586 | Lair:2   | Reached XP level 13. HP: 67/79 MP: 28/28
 15616 | Lair:2   | Reached skill level 10 in Conjurations
 16026 | Lair:3   | Identified a scroll of acquirement
 16133 | Lair:3   | Found a hole to the Spider Nest.
 17441 | Lair:2   | Identified Sif Muna's Almanac of Arcane Weapons (Sif Muna gifted it to you on level 2 of the Lair of Beasts)
 17441 | Lair:2   | Received a gift from Sif Muna
 17785 | Lair:2   | Learned a level 5 spell: Iskenderun's Battlesphere
 18216 | Lair:4   | Reached skill level 1 in Shields
 18538 | Lair:4   | Noticed MirrMurr's ghost (journeyman DsGl)
 18577 | Lair:3   | Reached skill level 1 in Charms
 19322 | Lair:4   | Reached skill level 10 in Fire Magic
 19428 | Lair:4   | Reached XP level 14. HP: 45/85 MP: 26/29
 19593 | Lair:4   | Found a staircase to the Shoals.
 20267 | Lair:5   | Found a staircase to the Slime Pits.
 20291 | Lair:5   | Reached skill level 12 in Spellcasting
 20366 | Lair:5   | Noticed Kirke
 20377 | Lair:5   | Killed Kirke
 20950 | Lair:6   | Entered Level 6 of the Lair of Beasts
 21104 | Lair:6   | Noticed Toogi's ghost (journeyman DsMo)
 21129 | Lair:6   | Found a labyrinth entrance.
 21139 | Lab      | Entered a labyrinth
 21213 | Lab      | Learned a level 5 spell: Bolt of Magma
 21444 | Lab      | Got a brightly glowing iron ring
 21448 | Lab      | Identified the ring "Sumiloyg" {Wiz rPois} (You took it off a minotaur in a labyrinth)
 22094 | Lair:5   | Identified Sif Muna's Sophisticated Magic (Sif Muna gifted it to you on level 5 of the Lair of Beasts)
 22094 | Lair:5   | Received a gift from Sif Muna
 23304 | Lair:6   | Reached skill level 5 in Shields
 23666 | Lair:6   | Found a runed door.
 23837 | Lair:6   | Paralysed by a hornet for 1 turns
 23842 | Lair:6   | HP: 1/86 [torpor snail (18)]
 24164 | Lair:6   | Reached skill level 1 in Invocations
 24767 | Lair:6   | Slain by Toogi's ghost

Vault maps used:
D:1:      dpeg_arrival_central, kennysheep_pointless_box,
          kennysheep_decorative_pillar, lemuel_another_geyser
D:2:      lemuel_coloured_pillars_altar, first_bread, uniq_jessica
D:3:      chequers_ecumenical_altar_simple_redux, nrook_uturn,
          grunt_decor_mini_mirrors
D:4:      nicolae_gozag_seed_capital, kennysheep_mini, portal_sewer_entry_a,
          minmay_misc_feat_diagonals, minmay_crystal_water,
          grunt_dithmenos_shadows, uniq_eustachio
D:5:      lemuel_round_altar, minmay_temple_entry_poolview
D:6:      old_standard_altar
D:7:      uniq_joseph, uniq_menkaure
D:8:      lemuel_zombie_altar_kikubaaqudgha, enter_bailey_1
D:9:      grunt_lair_entry_orc_guard_hut, uniq_psyche
D:10:     special_room, kennysheep_kite_vault, uniq_grum, uniq_maurice,
          uniq_urug, uniq_erolcha
D:11:     orc_0_dummy
D:12:     serial_shops, nicolae_shop_competitors_out_of_business, shop, shop,
          shop, nicolae_shop_crystal
Temple:   kb_temple_of_zot
Lair:1:   serial_bayou_crossing, grunt_megastairs_1, uniq_erica
Lair:2:   serial_forest, infiniplex_forest_clump_long, infiniplex_forest_end_3,
          infiniplex_forest_lined_room_2, infiniplex_forest_straight_3,
          infiniplex_forest_end_2, infiniplex_forest_clump_cross,
          infiniplex_forest_clump_tiny, infiniplex_forest_lined_corner,
          serial_bayou_lagoon_a, patterned_corridor
Lair:3:   lemuel_ratsnest, spider_nest_entry_a
Lair:4:   shoals_dummy_entry, grunt_megastairs_3, lemuel_fruit_tree
Lair:5:   slime_dummy, uniq_kirke
Lair:6:   wormcave, hangedman_lair_caniforms_friends, lab_entry_generic,
          lookout_lair_type, st_stairs_4, dpeg_oklob_1
Lab:      labyrinth_watery, nicolae_lab_garden, lab_block
Sewer:    sewer_minmay_w

Skill      XL: |  1  2  3  4  5  6  7  8  9 10 11 12 13 14 |
---------------+-------------------------------------------+-----
Stealth        | 3 4 5 6 7 8 9 |  9.1
Maces & Flails | 1 2 |  2.4
Fire Magic     | 4 5 6 8 10 | 10.6
Conjurations   | 2 3 5 6 8 9 10 11 | 11.6
Spellcasting   | 3 4 5 7 8 10 11 12 | 12.4
Fighting       | 1 2 3 4 |  4.4
Earth Magic    | 1 3 4 6 |  6.7
Short Blades   | 1 2 3 4 |  4.9
Dodging        | 3 4 5 6 7 |  7.0
Hexes          | 2 3 |  3.0
Shields        | 3 5 |  5.5
Charms         | 2 4 |  4.5
Invocations    | 1 |  1.0
Evocations     | |  0.2

Action                   |  1- 3 |  4- 6 |  7- 9 | 10-12 | 13-15 || total
-------------------------+-------+-------+-------+-------+-------++-------
Melee: Unarmed           |     6 |       |       |       |       ||     6
       Constrict         |    12 |    14 |    13 |    26 |    15 ||    80
       Tentacles         |     5 |     7 |     6 |    27 |    25 ||    70
       Dagger            |     6 |       |       |       |       ||     6
       Mace              |    26 |    35 |       |       |       ||    61
       Short sword       |       |    12 |    66 |   105 |    56 ||   239
       Staff             |       |       |       |       |     9 ||     9
 Cast: Flame Tongue      |    22 |    76 |   132 |   266 |   239 ||   735
       Conjure Flame     |       |       |     6 |     5 |     2 ||    13
       Sticky Flame      |       |       |    18 |    76 |   119 ||   213
       Fireball          |       |       |     4 |    46 |    76 ||   126
       Stone Arrow       |       |       |     2 |     4 |     9 ||    15
       Confuse           |       |       |       |    21 |     2 ||    23
       Dazzling Spray    |       |       |       |     7 |    37 ||    44
       Lee's Rapid Decon |       |       |       |     1 |     1 ||     2
       Iskenderun's Batt |       |       |       |       |    20 ||    20
       Bolt of Magma     |       |       |       |       |    13 ||    13
Invok: Channel Magic     |       |       |       |     2 |     5 ||     7
Evoke: Wand              |       |       |       |     1 |       ||     1
  Use: Scroll            |       |    14 |     3 |     4 |     7 ||    28
       Potion            |       |    10 |     6 |     4 |     7 ||    27
 Stab: Sleeping          |     5 |    13 |     7 |    18 |     6 ||    49
       Invisible         |       |       |     1 |     2 |     1 ||     4
       Distracted        |       |       |       |       |     2 ||     2
  Eat: Chunk             |       |     7 |    10 |    37 |    37 ||    91
       Meat ration       |       |       |     1 |       |     1 ||     2
       Royal jelly       |       |       |       |       |     3 ||     3
       Fruit             |       |       |       |       |     1 ||     1
Armor: Skin              |    10 |    11 |    24 |    62 |    79 ||   186
Dodge: Dodged            |    52 |    53 |   125 |   300 |   279 ||   809
Block: Buckler           |       |       |       |       |   106 ||   106
